 Dungeon Crawl Stone Soup version 0.20.1-1-g8b1a95d (webtiles) character file.

3108 homeworkjunkie the Cleaver (level 9, -9/79 HPs)
             Began as a Hill Orc Fighter on Dec 19, 2017.
             Was an Elder of Okawaru.
             Mangled by a catoblepas (25 damage)
             ... on level 9 of the Dungeon.
             The game lasted 00:13:12 (6191 turns).

homeworkjunkie the Cleaver (Hill Orc Fighter)       Turns: 6191, Time: 00:13:13

Health: -9/79      AC: 14    Str: 25    XL:     9   Next: 90%
Magic:  12/12      EV:  5    Int: 12    God:    Okawaru [****..]
Gold:   405        SH: 11    Dex: 11    Spells: 8/8 levels left

rFire    . . .     SeeInvis +   A - +0 broad axe
rCold    . . .     Gourm    .   c - +0 shield
rNeg     . . .     Faith    .   p - +7 plate armour {ponderous}
rPois    .         Spirit   .   (helmet restricted)
rElec    .         Reflect  .   y - +0 cloak {MR+}
rCorr    .         Harm     .   C - +0 pair of gloves
MR       +....                  (no boots)
Stlth    ..........             (no amulet)
Regen    0.3/turn               i - ring of see invisible
MPRegen  0.2/turn               t - ring of Wishful Thinking {Str+4 Int+4}

@: corroded, slow
A: beak, blurry vision 1
a: Heroism, Renounce Religion


You were on level 9 of the Dungeon.
You worshipped Okawaru.
Okawaru was greatly pleased with you.
You were not hungry.

You visited 2 branches of the dungeon, and saw 10 of its levels.

You collected 405 gold pieces.

Inventory:

Hand Weapons
 A - a +0 broad axe (weapon)
Armour
 c - a +0 shield (worn)
 p - a +7 plate armour of ponderousness (worn)
 y - a +0 cloak of magic resistance (worn)
 C - a +0 pair of gloves (worn)
Jewellery
 i - a ring of see invisible (left hand)
 t - the ring of Wishful Thinking (right hand) {Str+4 Int+4}
   (You found it on level 5 of the Dungeon)

   [ring of strength]

   It affects your strength (+4).
   It affects your intelligence (+4).
Wands
 h - a wand of acid (13/15)
 k - a wand of flame (31/48)
 m - a wand of flame (6/48)
 n - a wand of random effects (25/48)
 q - a wand of lightning (7/15)
Scrolls
 o - 3 scrolls of magic mapping
 r - a scroll of noise {unknown}
 w - 2 scrolls of identify
 z - a scroll of amnesia {unknown}
 B - a scroll of fog {unknown}
Potions
 a - a potion of berserk rage {unknown}
 b - a potion of curing
 e - a potion of agility
 g - a potion of haste
 j - a potion of flight {unknown}
 s - a potion of resistance {unknown}
 u - 2 potions of degeneration {unknown}
 v - a potion of brilliance {unknown}
 x - 2 potions of mutation
Comestibles
 d - 2 meat rations
 f - 3 bread rations
 D - 2 fruits


   Skills:
 * Level 7.2 Fighting
 * Level 11.5 Axes
 * Level 6.5 Armour
 + Level 0.7 Dodging
 + Level 0.5 Stealth
 * Level 6.7 Shields
 * Level 4.2 Evocations


You had 8 spell levels left.
You didn't know any spells.

Dungeon Overview and Level Annotations

Branches:
Dungeon (9/15)             Temple (1/1) D:4
   Lair: D:8-11         Orc: D:9-12

Altars:
Ashenzari
Cheibriados
Elyvilon
Fedhas
Gozag
Kikubaaqudgha
Okawaru
Trog
Uskayaw

Shops:
D:9 [


Innate Abilities, Weirdness & Mutations

You have a beak for a mouth.
Scrolls take you a little longer to read.


Message History

The sky beast hits you but does no damage.
The catoblepas gores you!!
* * * LOW HITPOINT WARNING * * *
You slash the catoblepas!
The catoblepas is lightly wounded.
You hit the sky beast but do no damage. You block the sky beast's attack.
The catoblepas barely misses you.
You hit the catoblepas.
You peck the catoblepas, but do no damage.
The catoblepas is lightly wounded.
You closely miss the sky beast.
The sky beast hits you but does no damage.
The catoblepas breathes a plume of calcifying dust at you.
The blast of calcifying dust hits you!
* * * LOW HITPOINT WARNING * * *
You feel much better.
You are engulfed in calcifying dust.
The sky beast barely misses you. The catoblepas gores you!!
* * * LOW HITPOINT WARNING * * *
The catoblepas gores you!!
You die...

....# : ....# .. $
####..# ?###..
#.....## ......
##......####....
#...........§...
#........).§#####.
##.$.)<...#Y.......
.)...8.....Y@.......
###.#.....##########
..8.∩.8....
##..#.######.. ##..8
## #... ..... ###


You could see a catoblepas and a sky beast.

Vanquished Creatures
  A wyvern (D:5)
  Eustachio (D:6)
  Edmund (D:6)
  Duvessa (D:7)
  A black bear (D:6)
  A phantom (D:8)
  2 ogres
  4 centaurs
  2 bullfrogs
  2 scorpions
  Dowan (D:7)
  A killer bee (D:8)
  5 wights (D:6)
  5 howler monkeys
  5 crimson imps
  A quasit (D:8)
  3 hounds
  4 jellies
  Crazy Yiuf (D:6)
  4 orc priests
  6 orc wizards
  Natasha (thrice) (D:3)
  Ijyb (D:3)
  An iguana (D:7)
  5 worker ants
  A howler monkey skeleton (D:8)
  7 gnolls
  5 adders
  A shadow imp (D:5)
  2 worms
  A dart slug (D:1)
  3 leopard geckos
  31 orcs
  6 bats
  2 bat zombies (D:4)
  3 giant cockroaches
  12 goblins
  6 hobgoblins
  6 jackals
  5 quokkas
  2 ball pythons
  A ball python skeleton (D:4)
  7 frilled lizards
  8 kobolds
  A quokka skeleton (D:5)
  5 rats
  2 fungi (D:6)
179 creatures vanquished.

Notes
Turn   | Place    | Note
-------+----------+-------------------------------------------
     0 | D:1      | homeworkjunkie the Hill Orc Fighter began the quest for the Orb.
     0 | D:1      | Reached XP level 1. HP: 19/19 MP: 1/1
    75 | D:1      | Found a shattered altar of Ashenzari.
   105 | D:1      | Reached XP level 2. HP: 23/27 MP: 2/2
   119 | D:1      | Reached skill level 3 in Axes
   402 | D:2      | Found a bloodstained altar of Trog.
   555 | D:4      | Reached XP level 3. HP: 19/33 MP: 3/3
   725 | D:4      | Noticed a scorpion
   738 | D:4      | Killed a scorpion
   738 | D:4      | Reached skill level 4 in Axes
   738 | D:4      | Reached XP level 4. HP: 14/40 MP: 4/4
   959 | D:3      | Found a shattered altar of Ashenzari.
  1029 | D:4      | Found a staircase to the Ecumenical Temple.
  1047 | D:4      | Reached XP level 5. HP: 34/46 MP: 5/5
  1053 | Temple   | Entered the Ecumenical Temple
  1060 | Temple   | Became a worshipper of Warmaster Okawaru
  1352 | D:2      | Reached skill level 5 in Axes
  2045 | D:2      | Gained mutation: Scrolls take you a little longer to read. [potion of mutation]
  2045 | D:2      | Gained mutation: You have a beak for a mouth. [potion of mutation]
  2190 | D:3      | Found an opulent altar of Gozag.
  2213 | D:3      | Reached XP level 6. HP: 48/53 MP: 6/6
  2214 | D:3      | Noticed Ijyb
  2228 | D:3      | Killed Ijyb
  2547 | D:4      | Reached skill level 6 in Axes
  2748 | D:5      | Entered Level 5 of the Dungeon
  2756 | D:5      | Reached XP level 7. HP: 47/60 MP: 7/7
  2880 | D:4      | Reached skill level 1 in Evocations
  2883 | D:4      | Found an ancient bone altar of Kikubaaqudgha.
  2995 | D:5      | Reached skill level 5 in Fighting
  2998 | D:5      | Reached skill level 5 in Shields
  2998 | D:5      | Reached * piety under Okawaru
  3179 | D:5      | Reached skill level 7 in Axes
  3243 | D:5      | Reached skill level 5 in Armour
  3297 | D:5      | Reached XP level 8. HP: 56/70 MP: 9/9
  3302 | D:5      | Got a sparkling silver ring
  3346 | D:5      | Identified the ring of Wishful Thinking {Str+4 Int+4} (You found it on level 5 of the Dungeon)
  3375 | D:5      | Noticed a wyvern
  3385 | D:5      | Killed a wyvern
  3385 | D:5      | Reached ** piety under Okawaru
  3385 | D:5      | Reached skill level 8 in Axes
  3573 | D:6      | Found a blossoming altar of Fedhas.
  4003 | D:3      | Noticed Natasha
  4012 | D:3      | Killed Natasha
  4019 | D:3      | Found a snail-covered altar of Cheibriados.
  4132 | D:3      | Noticed Natasha
  4134 | D:3      | Killed Natasha
  4174 | D:3      | Noticed Natasha
  4196 | D:3      | Killed Natasha
  4444 | D:5      | Reached skill level 9 in Axes
  4662 | D:7      | Noticed Duvessa
  4662 | D:7      | Noticed Dowan
  4667 | D:7      | Killed Dowan
  4676 | D:7      | Killed Duvessa
  4783 | D:6      | Found a white marble altar of Elyvilon.
  4795 | D:6      | Reached XP level 9. HP: 65/75 MP: 11/11
  4856 | D:6      | Found a runed door.
  4860 | D:6      | Noticed Crazy Yiuf
  4869 | D:6      | Killed Crazy Yiuf
  5013 | D:6      | Noticed Eustachio
  5036 | D:6      | Killed Eustachio
  5036 | D:6      | Reached *** piety under Okawaru
  5036 | D:6      | Reached skill level 10 in Axes
  5107 | D:6      | Noticed Edmund
  5124 | D:6      | Killed Edmund
  6131 | D:8      | Reached skill level 11 in Axes
  6147 | D:8      | Reached **** piety under Okawaru
  6154 | D:9      | Found Taplopsa's Antique Armour Shop.
  6175 | D:9      | Noticed a catoblepas
  6191 | D:9      | Mangled by a catoblepas

Skill      XL: |  1  2  3  4  5  6  7  8  9 |
---------------+----------------------------+-----
Axes           | 3 4 5 6 7 9 11 | 11.5
Fighting       | 4 5 6 7 |  7.2
Shields        | 4 5 6 |  6.7
Armour         | 4 5 6 |  6.5
Evocations     | 1 3 4 |  4.2
Dodging        | |  0.7
Stealth        | |  0.5

Action                   |  1- 3 |  4- 6 |  7- 9 || total
-------------------------+-------+-------+-------++-------
Melee: War axe           |    70 |   170 |   320 ||   560
       Peck              |       |     9 |    83 ||    92
       Broad axe         |       |       |    81 ||    81
Evoke: Wand              |       |     5 |       ||     5
  Use: Potion            |     1 |     3 |     5 ||     9
       Scroll            |       |     8 |     5 ||    13
  Eat: Fruit             |       |     4 |       ||     4
       Royal jelly       |       |     2 |       ||     2
       Bread ration      |       |       |     3 ||     3
Armor: Scale mail        |    49 |     1 |       ||    50
       Chain mail        |       |    78 |    35 ||   113
       Plate armour      |       |       |   225 ||   225
Dodge: Dodged            |    28 |    40 |    92 ||   160
Block: Shield            |    49 |    98 |   211 ||   358
